 Dungeon Crawl Stone Soup version 0.19.1 (webtiles) character file.

897 Haldmier the Conjurer (level 7, -1/36 HPs)
             Began as a Deep Elf Wizard on Dec 3, 2016.
             Killed by divine providence
             ... invoked by an orc priest
              (9 damage)
             ... on level 5 of the Dungeon.
             The game lasted 00:29:25 (5541 turns).

Haldmier the Conjurer (Deep Elf Wizard)             Turns: 5541, Time: 00:29:26

Health: -1/36      AC:  9    Str:  4    XL:     7   Next: 79%
Magic:  12/15      EV: 11    Int: 25    God:
Gold:   222        SH:  0    Dex: 13    Spells: 6 memorised, 1 level left

rFire  . . .     SeeInvis +     y - +4 rapier (protect)
rCold  + . .     Gourm    .     h - +3 leather armour
rNeg   . . .     Faith    .     (no shield)
rPois  .         Spirit   .     r - +0 helmet
rElec  .         Reflect  .     (no cloak)
rCorr  .         Harm     .     e - +0 pair of gloves
MR     .....                    x - +0 pair of boots
Stlth  ++........               b - amulet of magic regeneration
                                a - ring of see invisible
                                u - ring of protection from cold

@: no status effects
A: no striking features
a: no special abilities


You were on level 5 of the Dungeon.
You were not hungry.

You visited 1 branch of the dungeon, and saw 5 of its levels.

You collected 222 gold pieces.

Inventory:

Hand Weapons
 o - a +2 spear of venom
 y - a +4 rapier of protection (weapon)
 z - a +3 hunting sling
 G - a +2 vampiric spear
Missiles
 f - 11 tomahawks (quivered)
 p - 229 stones
 q - 35 sling bullets
 H - a throwing net
Armour
 e - a +0 pair of gloves (worn)
 h - a +3 leather armour (worn)
 r - a +0 helmet (worn)
 x - a +0 pair of boots (worn)
 K - a +0 shield
Jewellery
 a - a ring of see invisible (right hand)
 b - an amulet of magic regeneration (around neck)
 u - a ring of protection from cold (left hand)
Wands
 O - a wand of digging (8/24)
Scrolls
 g - a scroll of fear {unknown}
 j - 3 scrolls of blinking {unknown}
 n - 2 scrolls of identify {unknown}
 w - 3 scrolls of enchant weapon {unknown}
 C - 2 scrolls of noise {unknown}
 D - 2 scrolls of remove curse {unknown}
 E - a scroll of recharging {unknown}
 I - a scroll of magic mapping {unknown}
 J - 2 scrolls of teleportation {unknown}
 M - 4 scrolls of fog {unknown}
 N - a scroll of enchant armour {unknown}
Potions
 i - 2 potions of resistance {unknown}
 k - a potion of ambrosia {unknown}
 s - 2 potions of flight {unknown}
 t - a potion of invisibility {unknown}
 v - 5 potions of curing {unknown}
 A - a potion of lignification {unknown}
 B - a potion of haste {unknown}
Books
 c - a book of Minor Magic

   Spells                             Type                      Level
   a - Magic Dart                     Conjuration                  1
   b - Blink                          Translocation                2
   c - Call Imp                       Summoning                    2
   d - Repel Missiles                 Charms/Air                   2
   e - Slow                           Hexes                        2
   f - Conjure Flame                  Conjuration/Fire             3
   g - Mephitic Cloud                 Conjuration/Poison/Air       3
 L - a book of Misfortune

   Spells                             Type                      Level
   a - Confusing Touch                Hexes                        1
   b - Confuse                        Hexes                        3
   c - Gell's Gravitas                Hexes/Translocation          3
   d - Petrify                        Transmutation/Earth          4
   e - Metabolic Englaciation         Hexes/Ice                    5
   f - Yara's Violent Unravelling     Hexes/Transmutation          5
Comestibles
 d - 5 bread rations
 l - 5 meat rations
 m - 2 beef jerkies
 F - 3 chunks of flesh


   Skills:
 * Level 3.2 Short Blades
 - Level 2.4 Dodging
 + Level 3.8 Stealth
 - Level 4.4 Spellcasting
 * Level 5.0 Conjurations
 + Level 2.2 Charms
 + Level 3.5 Summonings
 + Level 3.5 Translocations
 + Level 1.9 Fire Magic
 + Level 2.2 Air Magic
 + Level 2.1 Poison Magic


You had one spell level left.
You knew the following spells:

 Your Spells              Type           Power        Failure   Level  Hunger
a - Magic Dart            Conj           ####         1%          1    None
b - Blink                 Tloc           N/A          8%          2    None
c - Call Imp              Summ           ###.....     8%          2    None
d - Mephitic Cloud        Conj/Pois/Air  ###.....     14%         3    ##.....
e - Conjure Flame         Conj/Fire      ###.....     12%         3    ##.....
f - Repel Missiles        Chrm/Air       ###...       12%         2    None


Dungeon Overview and Level Annotations

Branches:
Dungeon (5/15)
 Temple: D:4-7

Altars:
Elyvilon
Fedhas

Shops:
D:4 !

Annotations:
D:5 Blork the orc


Message History

Pain shoots through your body!
* * * LOW HITPOINT WARNING * * *
You take 4 damage, and have 8/36 hp.
You now have 13/15 mp.
Casting: Magic Dart
Confirm with . or Enter, or press ? or * to list all spells.
Aiming: Magic Dart
Press: ? - help, Shift-Dir - straight line, f/p - orc priest
Aim: an orc priest, wielding an enchanted hand axe and wearing a ring mail (heavily wounded)
The magic dart hits the orc priest.
The orc priest is severely wounded.
Casting: Magic Dart
Confirm with . or Enter, or press ? or * to list all spells.
Aiming: Magic Dart
Press: ? - help, Shift-Dir - straight line, f/p - orc priest
Aim: an orc priest, wielding an enchanted hand axe and wearing a ring mail (heavily wounded)
The magic dart hits the orc priest.
The orc priest is almost dead.
The orc priest invokes the aid of Beogh against you.
Beogh smites you!
You die...

### ####.###.. #.#
......... ##.#########
..h.o.... #..........#
#.o..r... ##.#######.#
#........
#.#.(####o####..†.....
#.#..........o...c####
#.#...###.#######.#
#.#...#..o@# #
#.#...#....#
#.#...#....#
#.#........# #
#.#...#....####.#
#.#####.........#
#...............#
########........#
##.#####.#


You could see an orc priest and an orc.

Vanquished Creatures
  Purgy (D:3)
  2 ogres (D:4)
  A wyvern zombie (D:4)
  A centaur skeleton (D:5)
  An orc priest (D:3)
  6 orc wizards
  Jessica (D:3)
  4 worker ants
  Robin (D:3)
  7 gnolls
  3 adders
  An ooze (D:5)
  An adder skeleton (D:5)
  2 dart slugs (D:2)
  4 leopard geckos
  20 orcs
  A ball python (D:2)
  7 bats
  7 giant cockroaches
  8 hobgoblins
  11 jackals
  3 quokkas
  4 frilled lizards
  16 goblins
  8 kobolds
  A quokka skeleton (D:3)
  5 rats
127 creatures vanquished.

Vanquished Creatures (collateral kills)
  A gnoll (D:4)
  An orc (D:4)
2 creatures vanquished.

Grand Total: 129 creatures vanquished

Notes
Turn   | Place    | Note
-------+----------+-------------------------------------------
     0 | D:1      | Haldmier the Deep Elf Wizard began the quest for the Orb.
     0 | D:1      | Reached XP level 1. HP: 10/10 MP: 7/7
   194 | D:1      | Reached skill level 2 in Conjurations
   416 | D:1      | Reached XP level 2. HP: 15/15 MP: 7/9
   420 | D:1      | Learned a level 2 spell: Blink
   423 | D:1      | Learned a level 2 spell: Call Imp
  1266 | D:2      | Reached XP level 3. HP: 19/19 MP: 4/10
  1370 | D:2      | Reached skill level 3 in Conjurations
  1577 | D:2      | Found a blossoming altar of Fedhas.
  1629 | D:2      | Learned a level 3 spell: Mephitic Cloud
  2079 | D:2      | Reached XP level 4. HP: 20/24 MP: 8/12
  2184 | D:3      | Noticed Robin
  2188 | D:3      | Killed Robin
  2381 | D:3      | Reached skill level 1 in Short Blades
  2518 | D:3      | Reached XP level 5. HP: 24/28 MP: 8/13
  2624 | D:3      | Noticed Jessica
  2628 | D:3      | Killed Jessica
  2628 | D:3      | Reached skill level 4 in Conjurations
  2748 | D:3      | Learned a level 3 spell: Conjure Flame
  2759 | D:3      | Noticed Purgy
  3109 | D:4      | Reached skill level 1 in Air Magic
  3450 | D:3      | Reached skill level 1 in Poison Magic
  3511 | D:3      | Reached XP level 6. HP: 29/32 MP: 14/14
  3989 | D:4      | Reached skill level 1 in Fire Magic
  4202 | D:4      | Learned a level 2 spell: Repel Missiles
  4235 | D:4      | Found a white marble altar of Elyvilon.
  4384 | D:4      | Reached skill level 1 in Charms
  4567 | D:4      | Reached XP level 7. HP: 36/36 MP: 9/15
  4860 | D:4      | Found Laar's Distillery.
  4975 | D:3      | Killed Purgy
  5032 | D:5      | Entered Level 5 of the Dungeon
  5196 | D:5      | Noticed Blork the orc
  5290 | D:5      | Reached skill level 5 in Conjurations
  5541 | D:5      | Killed from afar by an orc priest

Skill      XL: |  1  2  3  4  5  6  7 |
---------------+----------------------+-----
Conjurations   | 2 3 4 5 |  5.0
Summonings     | 2 3 |  3.5
Short Blades   | 1 2 3 |  3.2
Translocations | 2 3 |  3.5
Air Magic      | 1 2 |  2.2
Poison Magic   | 1 2 |  2.1
Fire Magic     | 1 |  1.9
Stealth        | 3 |  3.8
Charms         | 1 2 |  2.2
Dodging        | |  2.4
Spellcasting   | |  4.4

Action                   |  1- 3 |  4- 6 |  7- 9 || total
-------------------------+-------+-------+-------++-------
Melee: Mace              |    38 |       |       ||    38
       Rapier            |     3 |   101 |    65 ||   169
       Spear             |       |       |    15 ||    15
Throw: Tomahawk          |       |       |     1 ||     1
 Cast: Magic Dart        |    97 |    94 |    28 ||   219
       Mephitic Cloud    |       |     8 |     3 ||    11
       Call Imp          |       |     1 |       ||     1
       Conjure Flame     |       |       |     2 ||     2
 Stab: Sleeping          |       |     1 |       ||     1
       Confused          |       |     2 |     4 ||     6
  Eat: Chunk             |     3 |     9 |     3 ||    15
Armor: Leather armour    |    23 |    46 |    23 ||    92
Dodge: Dodged            |    56 |    62 |    32 ||   150
